 Dungeon Sprint DCSS version 0.28.0-45-g0d030f2227 (webtiles) character file.

Game seed: 6932898593749775899

2300000 protoss039 the Conqueror (level 19, -3/207 HPs)
             Began as a Ghoul Wanderer on May 15, 2022.
             Was the Champion of Makhleb.
             Slain by a destroyer
             ... wielding a +9 vorpal great sword
              (32 damage)
             ... in the Dungeon (Sprint VIII: "Arena of Blood").
             The game lasted 00:01:59 (23 turns).

protoss039 the Conqueror (Ghoul Wanderer)             Turns: 23, Time: 00:01:59

Health: -3/207     AC:  6    Str: 23    XL:     19   Next: 17%
Magic:  6/35       EV: 21    Int:  6    God:    Makhleb [******]
Gold:   0          SH:  0    Dex: 10    Spells: 39/40 levels left

rFire   . . .      SeeInvis .   h - +∞ Axe of Woe
rCold   + . .      Faith    .   (shield currently unavailable)
rNeg    + + +      Spirit   .   b - +0 leather armour
rPois   ∞          Reflect  .   (no helmet)
rElec   .          Harm     .   (no cloak)
rCorr   .          Rampage  .   (no gloves)
Will    +....      NoTele   +   (no boots)
Stlth   ++++++....              (no amulet)
HPRegen 0.00/turn               (no ring)
MPRegen 0.24/turn               (no ring)

@: inhibited regen
A: claws 1, cold resistance 1, negative energy resistance 3, inhibited
regeneration, torment resistance 2
a: Renounce Religion, Minor Destruction, Lesser Servant of Makhleb, Major
Destruction, Greater Servant of Makhleb


You were in the Dungeon.
You worshipped Makhleb.
Makhleb was exalted by your worship.
You visited 1 branch

Inventory:

Hand Weapons
 a - a +1 quarterstaff
 h - the +∞ Axe of Woe (weapon)
   (You found it in the Dungeon)
Armour
 b - a +0 leather armour (worn)
Scrolls
 g - a scroll of blinking
Potions
 c - a potion of curing
 d - a potion of heal wounds
 e - a potion of haste
 f - 2 potions of magic


   Skills:
 O Level 27 Fighting
 + Level 12.1(16.0) Axes
 + Level 12.1(16.0) Maces & Flails
 + Level 12.2(16.0) Polearms
 + Level 12.1(16.0) Staves
 O Level 27 Armour
 O Level 27 Dodging
 + Level 15.4 Stealth
 + Level 14.2 Unarmed Combat
 + Level 11.3 Spellcasting
 + Level 13.5 Necromancy
 O Level 27 Invocations


You had 39 spell levels left.
You knew the following spells:

 Your Spells              Type           Power      Damage    Failure   Level
a - Pain                  Necr           76%        1d7       1%          1

Your spell library contained the following spells:

 Spells                   Type           Power      Damage    Failure   Level
 Vampiric Draining        Necr           19%        2d7       1%          3
 Dispel Undead            Necr           19%        3d11      1%          4


Dungeon Overview and Level Annotations

Branches:
Dungeon (1/1)

Altars:
Makhleb


Innate Abilities, Weirdness & Mutations

You thrive by killing the living.
You are immune to poison.
You have sharp fingernails.
Your flesh is cold resistant. (rC+)
You are immune to negative energy. (rN+++)
You do not regenerate when monsters are visible.
You are immune to unholy pain and torment.


Message History

Unknown command.
Press < or > to pray at altars.
The bag of meat shouts!
You dice the large bag of meat like an onion!!!
Flame seeps out of the large bag of meat.
You cleave the large bag of meat in twain.
Makhleb accepts your kill.
You slash the bag of meat!
You slaughter the bag of meat joyfully.
You kill the bag of meat!
Makhleb accepts your kill.
The large bag of meat explodes!
The fiery explosion engulfs you!!
The fiery explosion engulfs the bag of meat!!
The sculptor of flesh appears out of thin air!
A sculptor of flesh comes into view. It is wielding a +9 great sword.
You are engulfed in blazing flames.
You hear a shout! x6
The bag of meat is engulfed in blazing flames.
You hear a shout! x4
The meat berserker rages.
A bag of meat comes into view. It is wielding a +9 war axe. x2
You hear a shout! x2
The bag of meat is engulfed in blazing flames.
The bag of meat hits you with a +9 war axe!!
Your base Axes skill gained 2 levels and is now at level 12!
Your base Maces & Flails skill gained 2 levels and is now at level 12!
Your base Polearms skill gained 2 levels and is now at level 12!
Your base Staves skill gained 2 levels and is now at level 12!
Your Stealth skill gained 2 levels and is now at level 15!
Your Unarmed Combat skill gained 2 levels and is now at level 14!
Your Spellcasting skill gained 2 levels and is now at level 11!
Your Necromancy skill increases to level 13!
You have reached level 19!
Unknown command.
Press < or > to pray at altars.
You hear a shout!
The destroyer hits you with a +9 vorpal great sword!!!!
Ouch! That really hurt!
* * * LOW HITPOINT WARNING * * *
You die...

....... .. o....
#. .o..# #.. ...#
.. .###..
.o.###...
......###Oo......
....z._§§§......
#...@o# #_.V§§#
#o..)O#
......_.oz..
...D..###O.....
.###.. ...###..
#.. ...# . #.
.o.# .. o....


You could see an eight-headed meat hydra, a destroyer, 2 sculptors of flesh, 2
large bags of meat, a meat berserker (berserk) and 6 bags of meat.

Vanquished Creatures
  10 ogres (D)
  A two-headed ogre (D)
  12 orcs (D)
23 creatures vanquished.

Notes
Turn   | Place    | Note
-------+----------+-------------------------------------------
     0 | D        | Found the +∞ Axe of Woe
     0 | D        | protoss039 the Ghoul Wanderer began the quest for the Orb.
     0 | D        | protoss039 set off with the following items: a +1
                  | quarterstaff, a +0 leather armour, a potion of curing, a
                  | potion of heal wounds, a potion of haste, 2 potions of
                  | magic, a scroll of blinking; and the following spell
                  | memorised: Pain; and the following spells available to
                  | memorise: Vampiric Draining, Dispel Undead
     0 | D        | Reached XP level 1. HP: 19/19 MP: 1/1
     0 | D        | Noticed a meat berserker
     2 | D        | Noticed a bag of meat
     3 | D        | Noticed a bag of meat
     3 | D        | Noticed a bag of meat
     4 | D        | Became a worshipper of Makhleb the Destroyer
     5 | D        | Noticed a meat berserker
     6 | D        | Killed a meat berserker
     6 | D        | Noticed a meat berserker
     7 | D        | Reached XP level 2. HP: 55/55 MP: 1/11
     7 | D        | Reached XP level 3. HP: 62/62 MP: 1/12
     7 | D        | Reached XP level 4. HP: 70/70 MP: 1/14
     7 | D        | Reached XP level 5. HP: 77/77 MP: 1/15
     7 | D        | Reached XP level 6. HP: 85/85 MP: 1/17
     7 | D        | Reached XP level 7. HP: 92/92 MP: 1/18
     7 | D        | Reached XP level 8. HP: 100/100 MP: 1/20
     7 | D        | Reached XP level 9. HP: 107/107 MP: 1/21
     7 | D        | Reached XP level 10. HP: 115/115 MP: 1/22
     7 | D        | Reached XP level 11. HP: 122/122 MP: 1/23
     7 | D        | Reached XP level 12. HP: 130/130 MP: 1/24
     8 | D        | Killed a bag of meat
     8 | D        | Reached * piety under Makhleb
     9 | D        | Noticed a meat berserker
     9 | D        | Killed a meat berserker
     9 | D        | Killed a bag of meat
     9 | D        | Noticed a bag of meat
    10 | D        | Reached XP level 13. HP: 70/150 MP: 1/27
    10 | D        | Reached XP level 14. HP: 73/158 MP: 1/28
    10 | D        | Killed a meat berserker
    10 | D        | Reached ** piety under Makhleb
    10 | D        | Killed a meat berserker
    10 | D        | Killed a bag of meat
    11 | D        | Reached skill level 27 in Fighting
    11 | D        | Reached skill level 27 in Invocations
    11 | D        | Reached XP level 15. HP: 174/174 MP: 2/31
    11 | D        | Noticed a meat berserker
    13 | D        | Noticed a meat berserker
    13 | D        | Noticed a meat berserker
    14 | D        | Noticed a meat berserker
    14 | D        | Noticed a meat berserker
    15 | D        | Killed a meat berserker
    15 | D        | Reached *** piety under Makhleb
    16 | D        | Reached XP level 16. HP: 136/183 MP: 3/32
    16 | D        | Killed a meat berserker
    16 | D        | Killed a meat berserker
    16 | D        | Reached **** piety under Makhleb
    16 | D        | Noticed a large bag of meat
    17 | D        | Killed a meat berserker
    17 | D        | Noticed a large bag of meat
    17 | D        | Noticed a meat berserker
    18 | D        | Reached skill level 27 in Dodging
    18 | D        | Reached XP level 17. HP: 88/191 MP: 4/33
    18 | D        | Killed a meat berserker
    19 | D        | Reached skill level 27 in Armour
    19 | D        | Reached ***** piety under Makhleb
    19 | D        | Noticed a large bag of meat
    19 | D        | Noticed a meat berserker
    19 | D        | Noticed a destroyer
    20 | D        | Reached skill level 5 in Maces & Flails
    20 | D        | Reached skill level 5 in Spellcasting
    20 | D        | Killed a meat berserker
    21 | D        | Reached skill level 10 in Axes
    21 | D        | Reached skill level 10 in Maces & Flails
    21 | D        | Reached skill level 10 in Polearms
    21 | D        | Reached skill level 10 in Staves
    21 | D        | Reached XP level 18. HP: 200/200 MP: 5/34
    21 | D        | Noticed an eight-headed meat hydra
    22 | D        | Noticed a sculptor of flesh
    22 | D        | Killed a large bag of meat
    22 | D        | Reached ****** piety under Makhleb
    23 | D        | Reached skill level 15 in Stealth
    23 | D        | Reached XP level 19. HP: 135/207 MP: 6/35
    23 | D        | Noticed a sculptor of flesh
    23 | D        | Slain by a destroyer

Illustrated notes

Levels and vault maps discovered:
D:        meatsprint

Skill      XL: |  1  2  3  4  5  6  7  8  9 10 11 12 13 14 15 16 17 18 |
---------------+-------------------------------------------------------+-----
Fighting       | 19 23 27 | 27.0
Armour         | 11 14 17 19 24 27 | 27.0
Dodging        | 11 14 17 21 27 | 27.0
Invocations    | 18 23 27 | 27.0
Axes           | 10 12 | 12.1
Maces & Flails | 10 12 | 12.1
Polearms       | 10 12 | 12.2
Staves         | 10 12 | 12.1
Stealth        | 12 15 | 15.4
Unarmed Combat | 11 14 | 14.2
Spellcasting   | 9 11 | 11.3
Necromancy     | 11 13 | 13.5

Action                   |  1- 3 |  4- 6 |  7- 9 | 10-12 | 13-15 | 16-18 | 19-21 || total
-------------------------+-------+-------+-------+-------+-------+-------+-------++-------
Melee: Executioner's axe |     1 |       |       |     2 |     2 |     7 |       ||    12
